 Dungeon Crawl Stone Soup version 0.21-a0-401-g0b6bec4 (webtiles) character file.

72 tof the Slasher (level 4, -4/40 HPs)
             Began as a Minotaur Monk on Oct 25, 2017.
             Was a Believer of Okawaru.
             Slain by a water moccasin (6 damage)
             ... on level 4 of the Dungeon.
             The game lasted 00:03:21 (2642 turns).

tof the Slasher (Minotaur Monk)                     Turns: 2642, Time: 00:03:22

Health: -4/40      AC:  3    Str: 16    XL:     4   Next: 7%
Magic:  3/3        EV: 13    Int:  7    God:    Okawaru [**....]
Gold:   139        SH:  0    Dex: 13    Spells: 3/3 levels left

rFire    + . .     SeeInvis .   a - +0 falchion
rCold    . . .     Gourm    .   (no shield)
rNeg     . . .     Faith    .   l - +0 leather armour {rF+}
rPois    .         Spirit   .   (helmet restricted)
rElec    .         Reflect  .   (no cloak)
rCorr    +         Harm     .   (no gloves)
MR       .....                  (no boots)
Stlth    ++........             (no amulet)
HPRegen  0.13/turn              k - ring of resist corrosion
MPRegen  0.08/turn              (no ring)

@: lethally poisoned (-4 -> -19)
A: retaliatory headbutt, horns 2
a: Heroism, Renounce Religion


You were on level 4 of the Dungeon.
You worshipped Okawaru.
Okawaru was pleased with you.
You were not hungry.

You visited 1 branch of the dungeon, and saw 4 of its levels.

You collected 139 gold pieces.

Inventory:

Hand Weapons
 a - a +0 falchion (weapon)
Armour
 l - a +0 leather armour of fire resistance (worn)
Jewellery
 k - a ring of resist corrosion (left hand)
 s - a cursed ring of loudness {unknown}
Scrolls
 b - 6 scrolls of magic mapping {unknown}
 d - 3 scrolls of identify {unknown}
 f - 2 scrolls of remove curse {unknown}
 h - a scroll of recharging {unknown}
 i - a scroll of fog {unknown}
 j - a scroll of teleportation {unknown}
 o - a scroll of enchant weapon {unknown}
 q - a scroll of noise {unknown}
 r - a scroll of amnesia {unknown}
Potions
 e - a potion of heal wounds {unknown}
 g - 2 potions of curing {unknown}
 m - a potion of agility {unknown}
 p - a potion of haste {unknown}
Comestibles
 c - 2 bread rations
 n - 2 meat rations
 t - a royal jelly


   Skills:
 + Level 4.1 Fighting
 * Level 4.6 Long Blades
 * Level 2.4 Armour
 + Level 3.6 Dodging
 - Level 1.5 Stealth


You had 3 spell levels left.
You didn't know any spells.

Dungeon Overview and Level Annotations

Branches:
Dungeon (4/15)
 Temple: D:4-7

Altars:
Dithmenos
Kikubaaqudgha
Nemelex Xobeh
Okawaru
Ru
Sif Muna
Uskayaw


Innate Abilities, Weirdness & Mutations

You reflexively headbutt those who attack you in melee.
You have a pair of horns on your head.


Message History

* * * LOW HITPOINT WARNING * * *
You closely miss the water moccasin. You headbutt the water moccasin.
The water moccasin is almost dead.
The water moccasin closely misses you. You furiously retaliate!
You headbutt the water moccasin, but do no damage.
You riposte.
You hit the water moccasin.
The water moccasin is almost dead.
The water moccasin barely misses you.
You riposte.
You closely miss the water moccasin.
The water moccasin is almost dead.
You barely miss the water moccasin.
The water moccasin is almost dead.
The water moccasin bites you but does no damage.
You closely miss the water moccasin.
The water moccasin is almost dead.
The water moccasin bites you!
* * * LOW HITPOINT WARNING * * *
You are lethally poisoned!
The water moccasin poisons you! The water moccasin bites you.
You die...

...........#
.[.........#
...........# ..
.........>.########+#..
###+###'##.............
+....#.............
#....#...........##
#....#...........+.
#.@..+...........#.
#.S..#......######.
#....#......'...##.
#....#......#...##. ..
##..##...)..#......
..###..#.....>.#......
.......#.......#......
.......#.......#......
.≈≈≈≈..#.......#...##.


You could see a water moccasin.

Vanquished Creatures
  2 adders
  2 worms
  4 dart slugs
  2 giant cockroaches
  5 goblins
  6 hobgoblins
  4 jackals
  A quokka (D:3)
  A ball python (D:1)
  4 bats
  3 frilled lizards
  3 kobolds
  5 rats
42 creatures vanquished.

Notes
Turn   | Place    | Note
-------+----------+-------------------------------------------
     0 | D:1      | tof the Minotaur Monk began the quest for the Orb.
     0 | D:1      | Reached XP level 1. HP: 19/19 MP: 0/0
    55 | D:1      | Reached skill level 1 in Armour
   147 | D:1      | Reached XP level 2. HP: 19/27 MP: 1/1
  1109 | D:2      | Found an ancient bone altar of Kikubaaqudgha.
  1527 | D:2      | Found a sacrificial altar of Ru.
  1579 | D:2      | Reached XP level 3. HP: 33/33 MP: 2/2
  2186 | D:3      | Found a deep blue altar of Sif Muna.
  2187 | D:3      | Found a shadowy altar of Dithmenos.
  2188 | D:3      | Found a hide-covered altar of Uskayaw.
  2188 | D:3      | Found a sparkling altar of Nemelex Xobeh.
  2415 | D:3      | Found an iron altar of Okawaru.
  2425 | D:3      | Became a worshipper of Warmaster Okawaru
  2425 | D:3      | Reached * piety under Okawaru
  2425 | D:3      | Reached ** piety under Okawaru
  2580 | D:4      | Reached XP level 4. HP: 35/40 MP: 3/3
  2623 | D:4      | Noticed a water moccasin
  2642 | D:4      | HP: 2/40 [water moccasin (9)]
  2642 | D:4      | Slain by a water moccasin

Vault maps used:
D:1:      minmay_arrival_stair_chambers
D:2:      overflow_temple_1_default, first_bread,
          hangedman_abyss_or_decor_stabs, nicolae_ru_sacrificial_ziggurat
D:3:      lemuel_round_altar, chequers_temple_overflow_statue_of_worship
D:4:      minivault_14, trog_three_pillars_becter

Skill      XL: |  1  2  3 |
---------------+----------+-----
Armour         | 1 2 |  2.4
Long Blades    | 4 |  4.6
Fighting       | 4 |  4.1
Dodging        | |  3.6
Stealth        | |  1.5

Action                   |  1- 3 |  4- 6 || total
-------------------------+-------+-------++-------
Melee: Falchion          |    71 |    16 ||    87
       Headbutt          |    14 |     2 ||    16
 Stab: Sleeping          |     6 |       ||     6
       Distracted        |     1 |       ||     1
  Eat: Chunk             |     5 |       ||     5
Armor: Robe              |     2 |       ||     2
       Leather armour    |     7 |     1 ||     8
Dodge: Dodged            |    37 |    18 ||    55
       Rpst.: Falchion   |     8 |     9 ||    17

Table legend:
 A = Spawn XP
 B = Non-spawn XP
 C = Spawn XP percentage of total XP
 D = Spawn monster count
 E = Non-spawn monster count
 F = Spawn count percentage of total count
 G = Total turns spent on level
                    A         B        C        D         E        F      G
               +---------+---------+-------+---------+---------+-------+---------
         Total |       0 |     104 |   0.0 |       0 |      42 |   0.0 |  2642
               +---------+---------+-------+---------+---------+-------+---------
           D:1 |       0 |      31 |   0.0 |       0 |      17 |   0.0 |  1084
           D:2 |       0 |      13 |   0.0 |       0 |       5 |   0.0 |   812
           D:3 |       0 |      41 |   0.0 |       0 |      16 |   0.0 |   656
           D:4 |       0 |      19 |   0.0 |       0 |       4 |   0.0 |    90
               +---------+---------+-------+---------+---------+-------+---------
